 Dungeon Crawl Stone Soup version 0.29.1-15-g9cfb28693d (webtiles) character file.

Game seed: 11100727527864899055

20180 Peloso the Protected (level 12, -4/103 (108) HPs)
             Began as a Minotaur Fighter on Mar 21, 2023.
             Was a High Priest of Okawaru.
             Slain by Saint Roka
             ... wielding a +0 great mace
              (20 damage)
             ... on level 2 of the Orcish Mines.
             The game lasted 00:27:54 (12007 turns).

Peloso the Protected (Minotaur Fighter)            Turns: 12007, Time: 00:27:55

HP:   -4/103 (108)  AC: 28    Str: 23    XL:     12   Next: 43%
MP:   11/12         EV: 11    Int: 13    God:    Okawaru [*****.]
Gold: 1339          SH:  7    Dex: 13    Spells: 11/11 levels left

rFire   . . .      SeeInvis .   b - +5 short sword of the Present {spect, Int+8}
rCold   + + +      Faith    .   d - +0 buckler
rNeg    . . .      Spirit   .   x - +0 plate armour
rPois   +          Reflect  .   N - +2 hat "Ahupt" {rC++}
rElec   .          Harm     .   H - +1 cloak {rPois}
rCorr   .          Rampage  .   o - +0 pair of gloves
Will    .....                   (no boots)
Stlth   ..........              t - amulet of regeneration
HPRegen 1.07/turn               h - +4 ring of protection
MPRegen 0.13/turn               Q - ring of protection from cold

@: heroic, hasted, lightly drained, very quick
A: horns 2, retaliatory headbutt
a: Renounce Religion, Heroism, Finesse, Duel


You were on level 2 of the Orcish Mines.
You worshipped Okawaru.
Okawaru was extremely pleased with you.
You visited 3 branches of the dungeon, and saw 15 of its levels.
You also visited: Sewer, Ossuary and Ice Cave.

You collected 1465 gold pieces.
You spent 126 gold pieces at shops.

Inventory:

Hand Weapons
 a - a +1 long sword
 b - the +5 short sword of the Present (weapon) {spect, Int+8}
   (You found it on level 3 of the Dungeon)

   When its wielder attacks, the weapon's spirit leaps out and strikes again.
   The spirit shares a part of any damage it takes with its wielder.
   Int:       It affects your intelligence (+8).
Armour
 c - a +0 chain mail
 d - a +0 buckler (worn)
 o - a +0 pair of gloves (worn)
 x - a +0 plate armour (worn)
 H - a +1 cloak of poison resistance (worn)
 N - the +2 hat "Ahupt" (worn) {rC++}
   (Okawaru gifted it to you in an ice cave)

   rC:        It greatly protects you from cold.
Jewellery
 h - a +4 ring of protection (left hand)
 q - an amulet of reflection
 t - an amulet of regeneration (around neck)
 u - a ring of ice
 v - an amulet of faith
 Q - a ring of protection from cold (right hand)
Wands
 m - a wand of roots (12)
 A - a wand of paralysis (6)
 E - a wand of digging (5)
 G - a wand of flame (31)
 L - a wand of quicksilver (13)
Scrolls
 g - a scroll of poison
 i - 10 scrolls of teleportation
 p - 2 scrolls of amnesia
 s - 2 scrolls of magic mapping
 w - 3 scrolls of fog
 y - 2 scrolls of enchant weapon
 C - a scroll of fear
 D - a scroll of acquirement
 I - a scroll of immolation
 J - a scroll of enchant armour
 O - 2 scrolls of identify
 P - a scroll of summoning {unknown}
Potions
 e - 2 potions of flight
 f - 7 potions of curing
 j - 3 potions of invisibility
 k - 5 potions of brilliance
 l - 5 potions of might
 n - 2 potions of magic
 r - a potion of ambrosia
 z - 2 potions of berserk rage
 F - 2 potions of mutation
 M - a potion of resistance


   Skills:
 + Level 10.7(15.7) Fighting
 + Level 12.1(17.5) Short Blades
 + Level 5.2(15.0) Long Blades
 + Level 13.3(18.3) Armour
 + Level 3.7(8.7) Dodging
 + Level 6.0(11.0) Stealth
 + Level 9.3(14.3) Shields
 + Level 1.3 Invocations


You had 11 spell levels left.
You didn't know any spells.
Your spell library contained the following spells:

 Spells                   Type           Power      Damage    Failure   Level
 Beastly Appendage        Tmut           0%         N/A       94%         1
 Sting                    Tmut/Pois      0%         1d3       94%         1
 Blink                    Tloc           0%         N/A       98%         2
 Ensorcelled Hibernation  Hex/Ice        0%         N/A       98%         2
 Poisonous Vapours        Pois/Air       0%         N/A       98%         2
 Wereblood                Tmut           0%         N/A       98%         2
 Lesser Beckoning         Tloc           0%         N/A       100%        3
 Portal Projectile        Hex/Tloc       0%         N/A       100%        3
 Spider Form              Tmut/Pois      0%         N/A       100%        3
 Anguish                  Hex/Necr       0%         N/A       100%        4
 Leda's Liquefaction      Hex/Erth       0%         N/A       100%        4
 Olgreb's Toxic Radiance  Pois           0%         N/A       100%        4
 Blade Hands              Tmut           0%         N/A       100%        5
 Lee's Rapid Deconstruct  Erth           0%         3d5*      100%        5
 Manifold Assault         Tloc           0%         N/A       100%        5
 Statue Form              Tmut/Erth      0%         N/A       100%        6
 Summon Small Mammal      Summ           Unusable   N/A       N/A         1
 Call Canine Familiar     Summ           Unusable   N/A       N/A         3
 Summon Guardian Golem    Hex/Summ       Unusable   N/A       N/A         3
 Tukima's Dance           Hex            Unusable   N/A       N/A         3

Dungeon Overview and Level Annotations

Branches:
Dungeon (12/15)            Temple (1/1) D:5            Lair (0/5) D:9
    Orc (2/2) D:11          Sewer (visited)         Ossuary (visited)
  IceCv (visited)
    Elf: Orc:2

Altars:
Ashenzari
Cheibriados
Dithmenos
Elyvilon
Fedhas
Gozag
Hepliaklqana
Kikubaaqudgha
Makhleb
Nemelex Xobeh
Okawaru
Qazlal
Ru
Sif Muna
Trog
Uskayaw
Vehumet
Wu Jian
Xom
Yredelemnul
Zin
The Shining One

Shops:
D:3 *   D:6 =!

Annotations:
D:4 1 runed translucent door, vampirul's ghost, novice GnCj
Orc:2 Saint Roka


Innate Abilities, Weirdness & Mutations

You have a pair of horns on your head.
You reflexively headbutt those who attack you in melee.


Message History

Saint Roka hits you but does no damage.
You feel much better.
You feel much better.
The orc high priest completely misses you.
Saint Roka hits you with a +0 great mace!
Unknown command.
You hit Saint Roka but do no damage.
Saint Roka is heavily wounded.
The orc high priest barely misses you.
The orc warrior hits you with a +2 dire flail of draining!
You feel drained.
Saint Roka roars a battlecry!
The orc high priest goes into a battle-frenzy!
You hit Saint Roka.
You headbutt Saint Roka, but do no damage.
Saint Roka is heavily wounded.
Unknown command.
You hit Saint Roka but do no damage.
Saint Roka is heavily wounded.
Unknown command.
You hit Saint Roka but do no damage.
You headbutt Saint Roka, but do no damage.
Saint Roka is heavily wounded.
The orc high priest hits you with a +0 halberd!
* * * LOW HITPOINT WARNING * * *
The orc warrior misses you. You furiously retaliate!
You headbutt the orc warrior.
Saint Roka hits you with a +0 great mace.
* * * LOW HITPOINT WARNING * * *
You hit Saint Roka but do no damage.
Saint Roka is heavily wounded.
Unknown command.
You hit Saint Roka but do no damage.
Saint Roka is heavily wounded.
The orc warrior hits you but does no damage.
You feel drained.
The orc high priest hits you with a +0 halberd.
* * * LOW HITPOINT WARNING * * *
Saint Roka hits you with a +0 great mace!!
You die...

.# #.....# .#
####8...8###
.####..#.....#.######
.......#............#
...................##
..............o4o###
..##......)...ooo##
..##.........##ooo#
..#.........####@##
.............##.).#
....).......#.##.##
...............###
.......#$#....##
#..#.##...#.###
.....# #.#### ......
### ...#.#.


You could see Saint Roka, an orc high priest (strong), an orange demon
(summoned), 3 orc warriors, an orc priest (strong) and 2 orcs.

Vanquished Creatures
  A reaper (IceCv)
  An ettin (Orc:2)
  A boulder beetle (D:11)
  3 two-headed ogres (D:11)
  2 orc knights (Orc:1)
  2 orc sorcerers
  2 ice statues (IceCv)
  Psyche (D:8)
  An unseen horror (D:9)
  A freezing wraith (IceCv)
  A komodo dragon (D:9)
  An anaconda simulacrum (IceCv)
  8 ice devils (IceCv)
  A hornet (D:8)
  A dire elephant simulacrum (IceCv)
  A wyvern (D:10)
  17 yaks
  7 vampire mosquitoes (D:11)
  2 steam dragons
  2 wargs
  Menkaure (D:7)
  6 harpy simulacra (IceCv)
  An acid dragon (D:9)
  2 hydra simulacra (IceCv)
  11 orc warriors
  A swamp drake (D:11)
  2 ice beasts
  A black bear (D:6)
  4 ogres
  5 centaurs
  Blork the orc (D:4)
  A two-headed ogre simulacrum (IceCv)
  4 necrophages
  8 bullfrogs
  A scorpion (D:6)
  7 wights
  12 killer bees
  An electric eel (D:8)
  7 howler monkeys
  2 gnoll boudas
  2 jellies (D:7)
  9 orc priests
  A hound (D:6)
  Crazy Yiuf (D:7)
  9 orc wizards
  2 iguanas
  A hell rat (Sewer)
  A spriggan simulacrum (IceCv)
  8 mummies (Ossuary)
  8 gnolls
  5 adders
  A river rat (Sewer)
  3 shadow imps (D:5)
  2 white imps
  An ufetubus (D:3)
  3 worms
  4 dart slugs (D:1)
  34 orcs
  6 ball pythons
  5 endoplasms
  18 giant cockroaches
  8 goblins
  4 hobgoblins
  7 jackals (D:1)
  2 quokkas
  2 bats (D:1)
  6 frilled lizards
  3 hobgoblin zombies (Ossuary)
  4 kobolds
  A kobold zombie (Ossuary)
  4 orc zombies (Ossuary)
  12 rats
  A bush (D:3)
312 creatures vanquished.

Vanquished Creatures (others)
  A wraith (D:11)
  3 orcs (D:11)
  7 plants
11 creatures vanquished.

Grand Total: 323 creatures vanquished

Notes
Turn   | Place    | Note
-------+----------+-------------------------------------------
     0 | D:1      | Peloso the Minotaur Fighter began the quest for the Orb.
     0 | D:1      | Reached XP level 1. HP: 19/19 MP: 0/0
   112 | D:1      | Reached XP level 2. HP: 20/27 MP: 1/1
   520 | D:1      | Reached skill level 4 in Armour
   635 | D:1      | Reached XP level 3. HP: 33/33 MP: 2/2
   970 | D:1      | Reached skill level 1 in Dodging
  1838 | D:3      | Found a faded altar of an unknown god.
  1883 | D:3      | Found Duvivueho's Assorted Antiques.
  1891 | D:3      | Reached XP level 4. HP: 35/41 MP: 3/3
  2084 | D:3      | Identified the +5 short sword of the Present {spect, Int+8}
  2237 | D:3      | Noticed a necrophage
  2240 | D:3      | Killed a necrophage
  2241 | D:3      | Reached XP level 5. HP: 47/47 MP: 4/4
  2779 | D:4      | Noticed Blork the orc
  2787 | D:4      | Killed Blork the orc
  2788 | D:4      | Reached skill level 1 in Short Blades
  2876 | D:4      | Noticed an ogre
  2890 | D:4      | Killed an ogre
  2891 | D:4      | Reached skill level 5 in Long Blades
  2891 | D:4      | Reached skill level 5 in Armour
  2891 | D:4      | Reached XP level 6. HP: 55/55 MP: 5/5
  2994 | D:4      | Noticed vampirul's ghost (novice GnCj)
  2997 | D:4      | Found a runed translucent door.
  3425 | D:5      | Entered Level 5 of the Dungeon
  3458 | D:5      | Found a glowing drain.
  3470 | D:5      | Reached skill level 5 in Fighting
  3496 | Sewer    | Entered a sewer
  3581 | D:5      | Reached XP level 7. HP: 20/61 MP: 6/6
  3595 | D:5      | Reached skill level 6 in Armour
  3633 | D:5      | Found a sand-covered staircase.
  3764 | Ossuary  | Entered an ossuary
  4488 | D:5      | Found a broken altar of Ashenzari.
  4488 | D:5      | Found a shadowy altar of Dithmenos.
  4489 | D:5      | Found a blossoming altar of Fedhas.
  4703 | D:5      | Found a staircase to the Ecumenical Temple.
  4710 | Temple   | Entered the Ecumenical Temple
  4710 | Temple   | Found a transporter.
  4710 | Temple   | Found a transporter.
  4712 | Temple   | Found a transporter.
  4712 | Temple   | Found a transporter.
  4727 | Temple   | Became a worshipper of Warmaster Okawaru
  4805 | D:6      | Reached skill level 7 in Armour
  4805 | D:6      | Reached XP level 8. HP: 68/69 MP: 7/7
  4827 | D:6      | Reached skill level 1 in Stealth
  4850 | D:6      | Found Huuhuni's Distillery.
  4861 | D:6      | Reached skill level 5 in Short Blades
  4871 | D:6      | Bought a potion of mutation for 112 gold pieces
  4871 | D:6      | Bought a potion of degeneration for 14 gold pieces
  4915 | D:6      | Found Yzaro Roal's Jewellery Shoppe.
  5025 | D:6      | Reached skill level 5 in Shields
  5552 | D:7      | Noticed Menkaure
  5557 | D:7      | Killed Menkaure
  5558 | D:7      | Reached skill level 8 in Armour
  5588 | D:7      | Found a runed translucent door.
  5589 | D:7      | Noticed Crazy Yiuf
  5609 | D:7      | Reached * piety under Okawaru
  5896 | D:7      | Reached XP level 9. HP: 59/77 MP: 8/8
  6561 | D:7      | Killed Crazy Yiuf
  6637 | D:8      | Reached ** piety under Okawaru
  6829 | D:8      | Reached skill level 9 in Armour
  6832 | D:8      | Noticed Psyche
  6842 | D:8      | Killed Psyche
  7114 | D:9      | Reached *** piety under Okawaru
  7232 | D:9      | Found a staircase to the Lair.
  7233 | D:9      | Noticed a komodo dragon
  7248 | D:9      | Killed a komodo dragon
  7249 | D:9      | Reached skill level 10 in Armour
  7409 | D:9      | Reached XP level 10. HP: 86/86 MP: 9/9
  7653 | D:10     | Entered Level 10 of the Dungeon
  7839 | D:9      | Reached **** piety under Okawaru
  8483 | D:10     | Received a gift from Okawaru
  8779 | D:10     | Identified a scroll of acquirement
  8837 | D:11     | Reached skill level 10 in Short Blades
  8890 | D:11     | Noticed a two-headed ogre
  8898 | D:11     | Killed a two-headed ogre
  8898 | D:11     | Reached ***** piety under Okawaru
  8899 | D:11     | Reached skill level 11 in Armour
  8940 | D:11     | Found a frozen archway.
  8965 | IceCv    | Entered an ice cave
  8991 | IceCv    | Reached XP level 11. HP: 84/95 MP: 10/10
  9510 | IceCv    | Received a gift from Okawaru
  9642 | IceCv    | Identified the +2 hat "Ahupt" {rC++} (Okawaru gifted it to
                  | you in an ice cave)
  9642 | IceCv    | Received a gift from Okawaru
  9700 | IceCv    | Reached skill level 12 in Armour
  9834 | IceCv    | Noticed a reaper
  9857 | IceCv    | Killed a reaper
  9857 | IceCv    | Reached ****** piety under Okawaru
  9973 | D:11     | Reached skill level 5 in Stealth
  9977 | D:11     | Reached skill level 1 in Invocations
  9984 | D:11     | Noticed a two-headed ogre
  9984 | D:11     | Noticed a two-headed ogre
 10042 | D:11     | Killed a two-headed ogre
 10057 | D:11     | Killed a two-headed ogre
 10063 | D:11     | Reached XP level 12. HP: 65/106 MP: 11/11
 10341 | D:11     | Found a staircase to the Orcish Mines.
 10360 | D:11     | Reached skill level 10 in Fighting
 10411 | D:11     | Noticed a boulder beetle
 10435 | D:11     | Killed a boulder beetle
 10435 | D:11     | Identified the +7 plate armour of Youthful Indiscretion
                  | {-Tele Rampage rF+} (Okawaru gifted it to you on level 11
                  | of the Dungeon)
 10435 | D:11     | Received a gift from Okawaru
 11066 | D:12     | Noticed a seven-headed hydra
 11105 | Orc:1    | Entered Level 1 of the Orcish Mines
 11346 | Orc:2    | Entered Level 2 of the Orcish Mines
 11346 | Orc:2    | Noticed an ettin
 11357 | Orc:2    | Killed an ettin
 11358 | Orc:2    | Reached skill level 13 in Armour
 11969 | Orc:2    | Noticed Saint Roka
 11973 | Orc:2    | Noticed an orc high priest
 12007 | Orc:2    | Slain by Saint Roka

Illustrated notes

Levels and vault maps discovered:
D:1:      dpeg_arrival_boxorama, layout_basic, minivault_24, glass_columns_b
D:2:      layout_basic
D:3:      minmay_roachtagon, layout_basic, hellmonk_ecumenical_altar_zigzags,
          serial_forest, infiniplex_forest_lined_3,
          infiniplex_forest_clump_tiny, infiniplex_forest_end_2,
          infiniplex_forest_clump_long, infiniplex_forest_clump_double,
          infiniplex_forest_clump_medium, serial_shops, shop
D:4:      layout_rooms, hellmonk_ghost_happy_afterlife, uniq_blork_the_orc
D:5:      layout_rooms, chequers_temple_overflow_statue_of_worship,
          minmay_temple_entry_purple_smoke, gup_sewer_entry_glass,
          lightli_ossuary_entry_decrepit_ruins
D:6:      layout_basic, serial_shops, shop_fountains, nicolae_stop_n_shop_1
D:7:      layout_layer_cave, uniq_menkaure, uniq_crazy_yiuf_cottage
D:8:      layout_rooms, nicolae_water_bricks, uniq_psyche
D:9:      layout_basic, david_lair_shrubbed
D:10:     layout_loops_corners
D:11:     layout_layer_cave, erik_orc_1, portal_ice_cave_entry_pillars_1,
          minmay_misc_feat_columns
D:12:     layout_stronghold, grunt_ministairs_3, kennysheep_decorative_pillar,
          small_chamber_with_monster, uniq_gastronok
Temple:   hellmonk_temple_divided_pantheon
Orc:1:    layout_caves
Orc:2:    grunt_orc_cross, layout_caves, ebering_ghost_xom, serial_shops, shop

Skill      XL: |  1  2  3  4  5  6  7  8  9 10 11 12 |
---------------+-------------------------------------+-----
Fighting       | 4 5 6 7 8 9 10 | 10.7
Armour         | 4 5 7 8 10 11 12 13 | 13.3
Shields        | 4 5 6 8 9 |  9.3
Dodging        | 1 2 3 |  3.7
Long Blades    | 3 4 5 |  5.2
Short Blades   | 1 2 4 6 8 10 11 12 | 12.1
Stealth        | 1 3 5 6 |  6.0
Invocations    | 1 |  1.3

Action                   |  1- 3 |  4- 6 |  7- 9 | 10-12 || total
-------------------------+-------+-------+-------+-------++-------
Melee: Long sword        |   110 |    42 |       |       ||   152
       Headbutt          |    11 |    33 |    56 |   163 ||   263
       Short sword       |       |    96 |   217 |   594 ||   907
Invok: Heroism           |       |       |       |    13 ||    13
  Use: Scroll            |     5 |     4 |     5 |     9 ||    23
       Potion            |     3 |       |     2 |     4 ||     9
 Stab: Distracted        |       |     2 |     3 |    23 ||    28
       Confused          |       |       |       |     2 ||     2
Armor: Scale mail        |    30 |       |       |       ||    30
       Chain mail        |    40 |    56 |    27 |       ||   123
       Plate armour      |       |       |    95 |   277 ||   372
Dodge: Dodged            |    50 |    24 |    66 |   164 ||   304
Block: Buckler           |    26 |    17 |    39 |   119 ||   201
